 Dungeon Crawl Stone Soup version 0.25-a0-413-g3b4b6a4ccc (webtiles) character file.

Game seed: 5514321284394617811, levelgen mode: deterministic

2607 MrRokkomies the Slicer (level 9, -1/43 HPs)
             Began as a Spriggan Abyssal Knight on Jan 17, 2020.
             Was a Priest of Lugonu.
             Killed by divine providence
             ... invoked by an orc priest
              (15 damage)
             ... on level 8 of the Dungeon.
             The game lasted 00:23:21 (10143 turns).

MrRokkomies the Slicer (Spriggan Abyssal Knight)   Turns: 10143, Time: 00:23:22

Health: -1/43      AC:  3    Str: 11    XL:     9   Next: 33%
Magic:  15/15      EV: 21    Int: 14    God:    Lugonu [***...]
Gold:   387        SH:  6    Dex: 15    Spells: 4/8 levels left

rFire    . . .     SeeInvis +   a - +2 short sword
rCold    . . .     Gourm    .   u - +0 buckler
rNeg     . . .     Faith    .   b - +0 robe
rPois    .         Spirit   .   (helmet restricted)
rElec    .         Reflect  .   f - +0 cloak
rCorr    +         Harm     .   (gloves unavailable)
MR       +....                  (boots unavailable)
Stlth    +++.......             (no amulet)
HPRegen  0.14/turn              q - ring of resist corrosion
MPRegen  0.14/turn              (no ring)

@: very quick
A: very small, unfitting armour, see invisible, herbivore, speed 3, slow
metabolism 2
a: Depart the Abyss, Bend Space, Banish, Renounce Religion


You were on level 8 of the Dungeon.
You worshipped Lugonu.
Lugonu was most pleased with you.
You were very hungry.

You visited 1 branch of the dungeon, and saw 8 of its levels.
You visited the Abyss 1 time.

You collected 387 gold pieces.

Inventory:

Hand Weapons
 a - a +2 short sword (weapon)
Missiles
 n - 13 poisoned darts (quivered)
Armour
 b - a +0 robe (worn)
 f - a +0 cloak (worn)
 u - a +0 buckler (worn)
Magical Staves
 s - an uncursed staff of air
Jewellery
 q - a ring of resist corrosion (left hand)
Wands
 i - a wand of random effects (29)
 o - a wand of flame (16)
 y - a wand of digging (4)
 A - a wand of acid (8)
Scrolls
 j - a scroll of amnesia
 m - 5 scrolls of remove curse
 p - a scroll of enchant weapon
 r - a scroll of blinking {unknown}
 t - 2 scrolls of identify
 w - a scroll of holy word {unknown}
 x - a scroll of teleportation {unknown}
Potions
 d - 2 potions of heal wounds
 e - 5 potions of curing
 h - 3 potions of haste {unknown}
 k - 2 potions of resistance {unknown}
 l - a potion of agility {unknown}
 v - a potion of magic {unknown}
 z - a potion of degeneration {unknown}
Miscellaneous
 g - a crystal ball of energy
Comestibles
 c - 14 rations


   Skills:
 - Level 2.4 Fighting
 * Level 8.3 Short Blades
 - Level 6.4 Dodging
 - Level 5.0 Stealth
 + Level 2.2 Shields
 + Level 4.5 Hexes
 * Level 7.6 Invocations


You had 4 spell levels left.
You knew the following spells:

 Your Spells              Type           Power        Failure   Level  Hunger
a - Cause Fear            Hex            ##........   54%         4    #####..

Your spell library contained the following spells:

 Spells                   Type           Power        Failure   Level  Hunger
 Animate Skeleton         Necr           N/A          38%         1    ##.....
 Pain                     Necr           #...         38%         1    ##.....
 Vampiric Draining        Necr           #.........   77%         3    ####...
 Animate Dead             Necr           N/A          99%         4    #####..
 Silence                  Hex/Air        #.........   99%         5    ######.
 Yara's Violent Unravell  Hex/Tmut       #.........   99%         5    ######.
 Agony                    Necr           #.......     100%        5    ######.
 Deflect Missiles         Chrm/Air       #.........   100%        6    #######
 Discord                  Hex            ##........   100%        8    #######


Dungeon Overview and Level Annotations

Branches:
Dungeon (8/15)             Temple (0/1) D:7
   Lair: D:8-11

Altars:
Elyvilon
Fedhas
Gozag
Sif Muna
Vehumet
Wu Jian
The Shining One

Shops:
D:7 *

Annotations:
D:7 2 transporters, Gildeon's ghost, novice OpFi


Innate Abilities, Weirdness & Mutations

You are very small and have problems with some larger weapons.
You are too small for most types of armour.
You have supernaturally acute eyesight. (SInv)
You are a herbivore.
You cover ground extremely quickly.
You need to consume almost no food.


Message History

The orc priest is lightly wounded.
The orc priest closely misses you.
You hit the orc priest but do no damage.
The orc priest is lightly wounded.
You hit the orc priest.
The orc priest is heavily wounded.
The orc priest completely misses you.
You hit the orc priest.
The orc priest is severely wounded.
The orc priest hits you with a +0 whip.
You hit the orc priest.
The orc priest is almost dead.
The orc priest completely misses you.
You hit the orc priest but do no damage.
The orc priest is almost dead.
You hit the orc priest but do no damage.
The orc priest is almost dead.
The orc priest invokes the aid of Beogh against you.
Beogh smites you!
You die...

### #.. #.#
##.#### .(.(.
#o.#
####.###@.##.##
.......<.(....#
###.####..##..#
#..# .# #..#
.... #....
#####. ..


You could see an orc priest.

Vanquished Creatures
  Grinder (D:3)
  Menkaure (D:4)
  An eye of draining (Abyss:1)
  A sky beast (D:6)
  A phantom (D:5)
  4 ogres
  3 bullfrogs
  A water moccasin skeleton (D:5)
  2 scorpions (D:4)
  A howler monkey (D:5)
  3 crimson imps
  A centaur zombie (D:6)
  3 jellies
  4 hounds
  2 orc wizards
  2 orc priests
  A centaur skeleton (D:6)
  A gnoll shaman (D:7)
  An iguana (D:4)
  4 worker ants
  A killer bee zombie (D:6)
  A hound zombie (D:6)
  A worker ant zombie (D:5)
  6 gnolls
  13 adders
  2 ufetubi (Abyss:1)
  An ooze (D:5)
  2 adder zombies (D:6)
  3 worms
  4 dart slugs
  6 leopard geckos
  18 orcs
  5 bats
  7 giant cockroaches
  8 goblins
  4 hobgoblins
  9 jackals
  3 quokkas
  7 frilled lizards
  A jackal zombie (D:6)
  7 kobolds
  A leopard gecko skeleton (D:4)
  8 rats
156 creatures vanquished.

Vanquished Creatures (others)
  Pikel (D:7)
  A bullfrog (D:7)
2 creatures vanquished.

Grand Total: 158 creatures vanquished

Notes
Turn   | Place    | Note
-------+----------+-------------------------------------------
     0 | Abyss:1  | MrRokkomies the Spriggan Abyssal Knight began the quest for
                  | the Orb.
     0 | Abyss:1  | Reached XP level 1. HP: 11/11 MP: 3/3
    47 | Abyss:1  | Noticed a ynoxinul
   138 | Abyss:1  | Noticed an eye of draining
   158 | Abyss:1  | Killed an eye of draining
   158 | Abyss:1  | Reached skill level 3 in Short Blades
   158 | Abyss:1  | Reached XP level 2. HP: 16/16 MP: 0/5
   158 | Abyss:1  | Reached XP level 3. HP: 19/19 MP: 0/6
   158 | Abyss:1  | Reached XP level 4. HP: 23/23 MP: 0/7
   166 | Abyss:1  | Noticed an angel
   180 | Abyss:1  | Noticed a wretched star
   214 | Abyss:1  | Noticed a large abomination
   274 | Abyss:1  | Noticed a large abomination
   384 | Abyss:2  | Noticed a lorocyproca
   403 | Abyss:2  | Noticed a ynoxinul
   410 | Abyss:3  | Noticed an elephant
   410 | Abyss:3  | Noticed a hellephant
   410 | Abyss:3  | Noticed a dire elephant
   411 | Abyss:3  | Found a corrupted altar of Lugonu.
   411 | Abyss:3  | Noticed a spatial vortex
   411 | Abyss:3  | Noticed a dire elephant
   411 | Abyss:3  | Noticed a spatial vortex
   411 | Abyss:3  | Noticed a spatial maelstrom
   411 | Abyss:3  | Noticed a hellephant
   411 | Abyss:3  | Noticed a purple draconian shifter
   411 | Abyss:3  | Noticed an elephant
   411 | Abyss:3  | Noticed a hellephant
   412 | Abyss:3  | Noticed a dire elephant
   412 | Abyss:3  | Noticed a spatial vortex
   413 | Abyss:3  | Noticed a spatial vortex
   413 | Abyss:3  | Noticed a dire elephant
   413 | Abyss:3  | Noticed a red draconian shifter
   414 | D:1      | Escaped the Abyss
   821 | D:1      | Reached * piety under Lugonu
  1629 | D:2      | Reached XP level 5. HP: 16/21 MP: 8/8
  1670 | D:2      | Learned a level 4 spell: Cause Fear
  2468 | D:3      | Reached ** piety under Lugonu
  2839 | D:3      | Reached skill level 4 in Short Blades
  3565 | D:3      | Found an opulent altar of Gozag.
  3828 | D:3      | Noticed Grinder
  3839 | D:3      | Killed Grinder
  3839 | D:3      | Reached skill level 5 in Dodging
  3839 | D:3      | Reached XP level 6. HP: 10/32 MP: 8/10
  4392 | D:3      | Found a radiant altar of Vehumet.
  4398 | D:3      | Found a glowing golden altar of the Shining One.
  4609 | D:4      | Reached skill level 5 in Short Blades
  4883 | D:4      | Reached XP level 7. HP: 34/35 MP: 11/11
  5072 | D:4      | Reached skill level 5 in Stealth
  5181 | D:4      | Reached skill level 5 in Invocations
  5282 | D:4      | Reached skill level 1 in Hexes
  5581 | D:4      | Found a white marble altar of Elyvilon.
  5599 | D:4      | Reached skill level 6 in Short Blades
  5881 | D:4      | Found a blossoming altar of Fedhas.
  6001 | D:4      | Noticed Menkaure
  6006 | D:4      | Killed Menkaure
  6006 | D:4      | Reached XP level 8. HP: 39/39 MP: 13/13
  6158 | D:5      | Entered Level 5 of the Dungeon
  6516 | D:5      | Reached *** piety under Lugonu
  6666 | D:5      | Reached skill level 1 in Shields
  6838 | D:5      | Reached skill level 7 in Short Blades
  8505 | D:7      | Noticed Pikel
  8609 | D:7      | Found an ornate altar of the Wu Jian Council.
  8677 | D:7      | Killed Pikel
  8677 | D:7      | Reached skill level 8 in Short Blades
  8677 | D:7      | Reached XP level 9. HP: 19/43 MP: 15/15
  9135 | D:7      | Found a transporter.
  9137 | D:7      | Noticed Gildeon's ghost (novice OpFi)
  9145 | D:7      | Identified the +6 great mace of Fanakagi {freeze, *Contam
                  | +Inv Int+3 Dex+5}
  9145 | D:7      | Noticed a two-headed ogre
  9169 | D:7      | Found a staircase to the Ecumenical Temple.
  9226 | D:7      | Found a transporter.
  9471 | D:7      | Found a shimmering blue altar of Sif Muna.
  9920 | D:7      | Found Hanumiru's General Store.
 10143 | D:8      | Killed from afar by an orc priest

Levels and vault maps discovered:
D:1:      sevenhm_arrival_forest_fort_small_3, layout_basic
D:2:      layout_loops_corners
D:3:      layout_loops_corners, lemuel_crystal_altar,
          amethyst_overflow_temple_binary, first_ration, wad_floor_pattern_1,
          uniq_grinder
D:4:      layout_gridville, kennysheep_little_box, fedhas_altar_2, uniq_menkaure
D:5:      layout_loops_cross
D:6:      layout_basic
D:7:      layout_cave_pods, nicolae_overflow_crystal_walls, lemuel_doored_altar,
          minmay_temple_entry_statues, serial_shops, shop,
          gammafunk_ghost_smash, uniq_pikel
D:8:      layout_loops_ring, marbit_many_paths, kennysheep_mini_moat,
          gammafunk_ghost_berserking_beasts, uniq_maggie

Skill      XL: |  1  2  3  4  5  6  7  8 |
---------------+-------------------------+-----
Short Blades   | 3 4 5 6 8 |  8.3
Dodging        | 4 5 6 |  6.4
Stealth        | 2 4 5 |  5.0
Invocations    | 2 3 4 5 7 |  7.6
Hexes          | 2 4 |  4.5
Shields        | 2 |  2.2
Fighting       | |  2.4

Action                   |  1- 3 |  4- 6 |  7- 9 || total
-------------------------+-------+-------+-------++-------
Melee: Short sword       |    20 |   229 |   437 ||   686
Throw: Dart              |       |    27 |   106 ||   133
Invok: Depart the Abyss  |       |     1 |       ||     1
Evoke: Wand              |       |     5 |    13 ||    18
  Use: Scroll            |       |     6 |     4 ||    10
 Stab: Sleeping          |       |    16 |     9 ||    25
       Paralysed         |       |     5 |     2 ||     7
       Distracted        |       |       |     1 ||     1
  Eat: Ration            |       |     1 |     2 ||     3
Armor: Robe              |       |    15 |    28 ||    43
Dodge: Dodged            |       |   203 |   285 ||   488
Block: Buckler           |       |       |    79 ||    79

Table legend:
 A = Non-vault XP
 B = Vault XP
 C = Vault XP percentage of total XP
 D = Non-vault monster count
 E = Vault monster count
 F = Vault count percentage of total count
                 A         B        C        D         E       F
            +---------+---------+-------+---------+---------+-------
      Total |    2835 |     890 |  23.9 |     154 |       3 |   1.9
            +---------+---------+-------+---------+---------+-------
        D:1 |      37 |       0 |   0.0 |      24 |       0 |   0.0
        D:2 |      45 |       0 |   0.0 |      15 |       0 |   0.0
        D:3 |     102 |     290 |  74.0 |      20 |       1 |   4.8
        D:4 |     760 |     175 |  18.7 |      22 |       1 |   4.3
        D:5 |     663 |       0 |   0.0 |      24 |       0 |   0.0
        D:6 |     526 |       0 |   0.0 |      18 |       0 |   0.0
        D:7 |     562 |     425 |  43.1 |      28 |       1 |   3.4
    Abyss:1 |     140 |       0 |   0.0 |       3 |       0 |   0.0
            +---------+---------+-------+---------+---------+-------
